 Dungeon Crawl Stone Soup version 0.30-a0-341-g682706514a (webtiles) character file.

Game seed: 10590121810967436592

62 Elric the Poker (level 4, -1/34 HPs)
             Began as a Merfolk Reaver on Nov 2, 2022.
             Killed by nerve-wracking pain
             ... invoked by an orc priest
              (9 damage)
             ... on level 3 of the Dungeon.
             The game lasted 00:06:20 (2883 turns).

Elric the Poker (Merfolk Reaver)                    Turns: 2883, Time: 00:06:21

Health: -1/34      AC:  5    Str: 14    XL:     4   Next: 8%
Magic:  5/7        EV: 12    Int: 18    God:
Gold:   109        SH:  5    Dex: 17    Spells: 4/7 levels left

rFire   . . .      SeeInvis .    a - +0 spear
rCold   + . .      Faith    .    (no shield)
rNeg    . . .      Spirit   .    b - +1 leather armour
rPois   .          Reflect  +    (no helmet)
rElec   .          Harm     .    (no cloak)
rCorr   .          Rampage  .    (no gloves)
Will    .....                    k - +0 pair of boots
Stlth   +.........               m - amulet of reflection
HPRegen 0.25/turn                d - ring of Trepidation {rC+ Dex+5}
MPRegen 0.10/turn                c - +6 ring of intelligence

@: mighty
A: (nimble swimmer 2), mertail
a: no special abilities


You were on level 3 of the Dungeon.
You visited 1 branch of the dungeon, and saw 3 of its levels.

You collected 109 gold pieces.

Inventory:

Hand Weapons
 a - a +0 spear (weapon)
 h - a +3 dagger of draining
Armour
 b - a +1 leather armour (worn)
 k - a +0 pair of boots (worn)
Jewellery
 c - a +6 ring of intelligence (right hand)
 d - the ring of Trepidation (left hand) {rC+ Dex+5}
   (You acquired it on level 1 of the Dungeon)

   [ring of protection from cold]

   Dex:       It affects your dexterity (+5).
   rC:        It protects you from cold.
 i - a ring of see invisible
 m - an amulet of reflection (around neck)
Scrolls
 e - a scroll of enchant armour
 l - 3 scrolls of teleportation {unknown}
 n - 3 scrolls of identify
 t - a scroll of brand weapon {unknown}
Potions
 f - a potion of heal wounds {unknown}
 g - a potion of flight {unknown}
 j - 2 potions of invisibility
 o - a potion of might
 p - a potion of brilliance {unknown}
 q - a potion of attraction {unknown}
 r - a potion of mutation {unknown}
 s - a potion of curing {unknown}


   Skills:
 + Level 2.9 Fighting
 + Level 4.6 Polearms
 - Level 3.0 Dodging
 - Level 2.1 Spellcasting
 - Level 2.5 Conjurations
 * Level 1.5 Translocations


You had 4 spell levels left.
You knew the following spells:

 Your Spells              Type           Power      Damage    Failure   Level
a - Kiss of Death         Conj/Necr      24%        2d7       14%         1
b - Momentum Strike       Conj/Tloc      18%        3d8       14%         2

Your spell library contained the following spells:

 Spells                   Type           Power      Damage    Failure   Level
 Blink                    Tloc           14%        N/A       19%         2
 Lesser Beckoning         Tloc           14%        N/A       34%         3
 Hailstorm                Conj/Ice       6%         3d4       38%         3


Dungeon Overview and Level Annotations

Branches:
Dungeon (3/15)

Altars:


Innate Abilities, Weirdness & Mutations

((You are very nimble when in or above water. (Stealth+, EV+, Speed+++)))
Your lower body shifts to a powerful aquatic tail in water.


Message History

You hit the orc priest but do no damage.
The orc priest is lightly wounded.
The orc priest hits you with a +1 mace of protection.
The orc hits you but does no damage.
Unknown command.
Reach: a) +0 spear
Press: ? - help, Dir - move target, f/p - orc priest
Aim: an orc priest, wielding a +1 mace of protection and wearing a +0 ring mail (lightly wounded, about 31% to evade your +0 spear)
You barely miss the orc priest.
The orc priest is lightly wounded.
Reach: a) +0 spear
Press: ? - help, Dir - move target, f/p - orc priest
Aim: an orc priest, wielding a +1 mace of protection and wearing a +0 ring mail (lightly wounded, about 31% to evade your +0 spear)
You hit the orc priest but do no damage.
The orc priest is lightly wounded.
You are no longer robbed of momentum.
You block the orc's attack. You block the orc priest's attack.
Reach: a) +0 spear
Press: ? - help, Dir - move target, f/p - orc priest
Aim: an orc priest, wielding a +1 mace of protection and wearing a +0 ring mail (lightly wounded, about 31% to evade your +0 spear)
You closely miss the orc priest.
The orc priest is lightly wounded.
You block the orc priest's attack.
The orc hits you from afar with a +0 trident.
You completely miss the orc priest.
The orc priest is lightly wounded.
The orc hits you from afar with a +0 trident.
The orc priest calls down the wrath of Beogh upon you.
Beogh smites you!
* * * LOW HITPOINT WARNING * * *
Unknown command.
It was a potion of might.
You feel very mighty all of a sudden.
The orc priest hits you but does no damage.
The orc hits you but does no damage.
You barely miss the orc priest.
The orc priest is lightly wounded.
The orc priest calls down the wrath of Beogh upon you.
Pain shoots through your body!
You die... #.# oo#

#o#########
#.##......#
#o##.####.# #.##.#
#.# #.##.# #.# ####
#o##.# #.#######...
#.o@.# #...........
###### #########..#
## .........#
...########..##.#
#...............#
#...#........#..#
##..........#.#..#
#
#................#
.#..........##.#.##


You could see an orc priest and an orc.

Vanquished Creatures
  An adder (D:2)
  A worm (D:2)
  4 orcs (D:3)
  5 ball pythons
  3 endoplasms (D:1)
  A giant cockroach (D:2)
  5 goblins
  4 hobgoblins (D:1)
  3 jackals (D:1)
  5 kobolds
  A quokka (D:2)
  4 bats
  4 frilled lizards
  A rat (D:2)
42 creatures vanquished.

Vanquished Creatures (others)
  2 adders (D:3)
  3 ball pythons (D:1)
  An endoplasm (D:1)
  A giant cockroach (D:1)
  A goblin (D:2)
  3 hobgoblins (D:1)
  A kobold (D:1)
  2 bats (D:1)
  A frilled lizard (D:1)
  3 rats
  9 plants
27 creatures vanquished.

Grand Total: 69 creatures vanquished

Notes
Turn   | Place    | Note
-------+----------+-------------------------------------------
     0 | D:1      | Elric the Merfolk Reaver began the quest for the Orb.
     0 | D:1      | Reached XP level 1. HP: 16/16 MP: 3/3
   116 | D:1      | Identified a scroll of acquirement
   116 | D:1      | Acquired the ring of Trepidation {rC+ Dex+5}
   180 | D:1      | Reached XP level 2. HP: 23/23 MP: 5/5
   183 | D:1      | Learned a level 2 spell: Momentum Strike
   877 | D:1      | Reached XP level 3. HP: 27/28 MP: 6/6
  1903 | D:2      | Reached skill level 1 in Translocations
  2643 | D:3      | Reached XP level 4. HP: 33/34 MP: 7/7
  2883 | D:3      | Killed from afar by an orc priest

Illustrated notes

Levels and vault maps discovered:
D:1:      spicycebolla_arrival_ecumenical, layout_basic, serial_bayou_ford_a,
          wander_ebering_terrifying_dragon_lair
D:2:      wad_lake_hut, layout_basic
D:3:      layout_basic

Skill      XL: |  1  2  3 |
---------------+----------+-----
Dodging        | 3 |  3.0
Translocations | 1 |  1.5
Fighting       | |  2.9
Polearms       | |  4.6
Spellcasting   | |  2.1
Conjurations   | |  2.5

Action                   |  1- 3 |  4- 6 || total
-------------------------+-------+-------++-------
Melee: Spear             |   159 |    11 ||   170
 Cast: Momentum Strike   |    17 |     4 ||    21
  Use: Scroll            |     4 |       ||     4
       Potion            |       |     1 ||     1
 Stab: Sleeping          |     4 |       ||     4
Armor: Leather armour    |    33 |     3 ||    36
Dodge: Dodged            |    70 |     1 ||    71
Block: Other             |     8 |     7 ||    15

Table legend: (Time is in decaauts)
 A = Elapsed time spent in this place.
 B = Non-inter-level travel time spent in this place.
 C = Inter-level travel time spent in this place.
 D = Time resting spent in this place.
 E = Time spent auto-exploring this place.
 F = Levels seen in this place.
 G = Mean time per level.
                   A        B        C        D        E       F      G
               +--------+--------+--------+--------+--------+-----+--------+
         Total |   2815 |   2681 |    134 |      0 |   2246 |   3 |  938.3 |
       Dungeon |   2815 |   2681 |    134 |      0 |   2246 |   3 |  938.3 |
               +--------+--------+--------+--------+--------+-----+--------+

Top non-repeatable levels by time:
     D:1: 1543 daAuts
     D:2: 979 daAuts
     D:3: 292 daAuts
